 Dungeon Crawl Stone Soup version 0.28.0-53-g5a82cb258f (webtiles) character file.

Game seed: 15735008122420362903

2526 suse60 the Cleaver (level 9, -1/86 HPs)
             Began as a Minotaur Fighter on Aug 9, 2022.
             Was a Follower of the Shining One.
             Slain by a gnoll sergeant
             ... wielding a +0 halberd
              (3 damage)
             ... in a bailey.
             The game lasted 00:32:35 (6785 turns).

suse60 the Cleaver (Minotaur Fighter)               Turns: 6785, Time: 00:32:36

Health: -1/86      AC: 12    Str: 23    XL:     9   Next: 29%
Magic:  8/8        EV:  9    Int:  5    God:    the Shining One [*.....]
Gold:   66         SH:  5    Dex: 15    Spells: 8/8 levels left

rFire   . . .      SeeInvis .   a - +0 war axe
rCold   . . .      Faith    .   c - +0 buckler
rNeg    . . .      Spirit   .   s - +0 chain mail of Hedging {Dex+3}
rPois   .          Reflect  .   (helmet restricted)
rElec   .          Harm     .   q - +1 cloak
rCorr   .          Rampage  .   (no gloves)
Will    .....                   n - +0 pair of boots
Stlth   ..........              (no amulet)
HPRegen 0.24/turn               (no ring)
MPRegen 0.11/turn               (no ring)

@: glowing
A: horns 2, retaliatory headbutt
a: Renounce Religion, Divine Shield


You were in a bailey.
You worshipped the Shining One.
The Shining One was aware of your devotion.
You visited 2 branches of the dungeon, and saw 8 of its levels.
You also visited: Sewer and Bailey.

You collected 863 gold pieces.
You spent 797 gold pieces at shops.

Inventory:

Hand Weapons
 a - a +0 war axe (weapon)
Missiles
 d - 2 throwing nets (quivered)
Armour
 c - a +0 buckler (worn)
 h - the +2 pair of boots "Legocai" {Harm rC+++ Str-2}
   (You bought it in a shop on level 6 of the Dungeon)

   Str:       It affects your strength (-2).
   rC:        It renders you almost immune to cold.
   Harm:      It increases damage dealt and taken.
 l - a scarf of resistance
 m - a scarf of repulsion
 n - a +0 pair of boots (worn)
 q - a +1 cloak (worn)
 s - the +0 chain mail of Hedging (worn) {Dex+3}
   (You bought it in a shop on level 6 of the Dungeon)

   Dex:       It affects your dexterity (+3).
Jewellery
 k - a ring of flight
Wands
 r - a wand of digging (2)
Scrolls
 u - a scroll of teleportation
 v - a scroll of fog
Potions
 f - a potion of brilliance
 i - a potion of curing
 p - a potion of mutation
 t - a potion of berserk rage {unknown}


   Skills:
 - Level 10.3 Fighting
 - Level 11.2 Axes
 - Level 3.6 Armour
 + Level 3.1 Dodging
 - Level 3.6 Shields


You had 8 spell levels left.
You didn't know any spells.
Your spell library contained the following spells:

 Spells                   Type           Power      Damage    Failure   Level
 Animate Skeleton         Necr           0%         N/A       99%         1
 Apportation              Tloc           0%         N/A       99%         1
 Summon Small Mammal      Summ           0%         N/A       99%         1
 Blink                    Tloc           0%         N/A       100%        2
 Lesser Beckoning         Tloc           0%         N/A       100%        3
 Manifold Assault         Tloc           0%         N/A       100%        5


Dungeon Overview and Level Annotations

Branches:
Dungeon (7/15)             Temple (1/1) D:6           Sewer (visited)
 Bailey (1/1)

Altars:
Ashenzari
Dithmenos
Elyvilon
Fedhas
Gozag
Hepliaklqana
Kikubaaqudgha
Okawaru
Qazlal
Ru
Sif Muna
Trog
Uskayaw
Vehumet
Wu Jian
Xom
Zin
The Shining One

Shops:
D:4 =?=[   D:6 [


Innate Abilities, Weirdness & Mutations

You have a pair of horns on your head.
You reflexively headbutt those who attack you in melee.


Message History

You block the gnoll sergeant's attack.
You hit the wolf. You headbutt the wolf.
You kill the wolf!
The gnoll sergeant hits you from afar with a +0 halberd.
The gnoll sergeant closely misses you.
Your Dodging skill increases to level 3!
The gnoll shaman calls upon its god to speed up the gnoll sergeant.
The gnoll sergeant seems to speed up.
The gnoll shaman calls upon its god to speed up the gnoll.
The gnoll seems to speed up.
There is an open door here.
The gnoll sergeant closely misses you.
There is an open door, spattered with blood here.
The gnoll sergeant hits you from afar with a +0 bardiche!
* * * LOW HITPOINT WARNING * * *
Things that are here:
a +0 halberd; a +0 chain mail The gnoll sergeant hits you from afar with a +0 bardiche.
* * * LOW HITPOINT WARNING * * *
You block the gnoll sergeant's attack.
You feel much better.
The gnoll sergeant hits you from afar with a +0 bardiche.
The gnoll hits you from afar with a +0 halberd.
The gnoll sergeant hits you with a +0 bardiche!
You hit the gnoll sergeant.
The gnoll sergeant is lightly wounded.
You hit the gnoll sergeant. You block the gnoll's attack.
The gnoll sergeant hits you with a +0 halberd.
* * * LOW HITPOINT WARNING * * *
The gnoll sergeant hits you with a +0 bardiche!
* * * LOW HITPOINT WARNING * * *
The gnoll hits you from afar with a +0 halberd.
* * * LOW HITPOINT WARNING * * *
You slash the gnoll sergeant! You headbutt the gnoll sergeant.
The gnoll sergeant is severely wounded.
You hit the gnoll sergeant.
The gnoll sergeant hits you with a +0 bardiche.
* * * LOW HITPOINT WARNING * * *
The gnoll sergeant hits you with a +0 halberd.
You die...

♣≈... #..≈.♣ ♣≈..# #..≈.♣♣
♣≈..# #..≈..♣ ♣≈..# #####
#..≈..♣ ♣≈..# ##...##
#..≈..♣♣
♣≈..##+###.....######..≈...♣♣
♣≈......#.......#...'....)))♣
♣≈......g..g8...'...'....).))
♣≈......#gg.@...#...'....).)♣
♣≈..##g###..g..######..≈...♣♣
♣≈..#.g.g##...## + #..≈...♣
♣≈..#...gg#####...# #..≈...♣
♣≈..#......g†.....# #..≈..♣♣
♣≈..##......#g....# #..≈.♣♣
♣≈...##.8...# ..8.# #..≈.♣
♣≈≈...####### #### ..≈≈♣♣
♣♣≈≈≈≈≈≈≈≈≈≈≈


You could see 3 gnoll sergeants, a gnoll shaman and a gnoll (fast).

Vanquished Creatures
  Prince Ribbit (D:7)
  3 water moccasins
  An orc warrior (D:6)
  An ice beast (D:4)
  A black bear (D:6)
  A hornet zombie (D:5)
  An ogre (D:6)
  3 wolves (Bailey)
  A phantom (D:7)
  Blork the orc (D:6)
  2 kobold brigands (Sewer)
  A bullfrog (D:7)
  3 gnoll sergeants (Bailey)
  A scorpion (D:5)
  A water moccasin zombie (D:4)
  A centaur zombie (D:6)
  A jelly (D:6)
  A bullfrog zombie (D:5)
  2 hounds (Bailey)
  2 gnoll shamans
  An orc priest (D:6)
  3 centaur skeletons
  Terence (D:3)
  12 gnolls
  4 adders
  4 river rats
  A white imp (D:5)
  2 adder skeletons (D:4)
  2 dart slugs
  13 orcs
  7 ball pythons
  2 endoplasms
  A giant cockroach (D:4)
  11 goblins
  3 hobgoblins
  9 jackals
  7 kobolds
  9 quokkas
  3 bats
  14 rats
138 creatures vanquished.

Vanquished Creatures (others)
  4 plants (D:4)
4 creatures vanquished.

Grand Total: 142 creatures vanquished

Notes
Turn   | Place    | Note
-------+----------+-------------------------------------------
     0 | D:1      | suse60 the Minotaur Fighter began the quest for the Orb.
     0 | D:1      | Reached XP level 1. HP: 19/19 MP: 0/0
   132 | D:1      | Reached XP level 2. HP: 28/28 MP: 1/1
   864 | D:2      | Identified a scroll of acquirement
   864 | D:2      | Acquired 477 gold pieces
   914 | D:2      | Reached skill level 5 in Fighting
  1030 | D:2      | Found a shimmering blue altar of Sif Muna.
  1051 | D:2      | Reached XP level 3. HP: 35/36 MP: 2/2
  1842 | D:3      | Noticed Terence
  1850 | D:3      | Killed Terence
  1851 | D:3      | Reached XP level 4. HP: 33/44 MP: 3/3
  2505 | D:4      | Found Latuemp's Jewellery Shoppe.
  2511 | D:4      | Found Dinuv's Magic Scroll Emporium.
  2511 | D:4      | Found Ydicagoh's Jewellery Shop.
  2513 | D:4      | Found Fuenaug's Armour Boutique.
  2520 | D:4      | Bought a scroll of identify for 22 gold pieces
  2520 | D:4      | Bought a scroll of identify for 22 gold pieces
  2761 | D:4      | Bought a scarf of repulsion for 120 gold pieces
  2761 | D:4      | Bought a +0 pair of boots for 45 gold pieces
  2956 | D:4      | Reached XP level 5. HP: 45/52 MP: 4/4
  3108 | D:4      | Found a bloodstained altar of Trog.
  3158 | D:4      | Found an opulent altar of Gozag.
  3161 | D:4      | Found a shimmering altar of Xom.
  3161 | D:4      | Found a glowing golden altar of the Shining One.
  3169 | D:4      | Found a white marble altar of Elyvilon.
  3171 | D:4      | Became a worshipper of the Shining One
  3172 | D:4      | Noticed an ice beast
  3178 | D:4      | Killed an ice beast
  3179 | D:4      | Reached XP level 6. HP: 61/61 MP: 5/5
  3606 | D:5      | Entered Level 5 of the Dungeon
  3609 | D:5      | You fall into a shaft and drop 1 floor!
  3650 | D:6      | Noticed Blork the orc
  3656 | D:6      | Killed Blork the orc
  3657 | D:6      | Noticed a water moccasin
  3659 | D:6      | Killed a water moccasin
  3695 | D:6      | Reached XP level 7. HP: 71/71 MP: 6/6
  3696 | D:6      | Reached skill level 10 in Fighting
  3824 | D:6      | Found Yneky's Antique Armour Boutique.
  3838 | D:6      | Reached skill level 3 in Axes
  3893 | D:6      | Found a glowing drain.
  3895 | D:6      | Reached skill level 4 in Axes
  3903 | Sewer    | Entered a sewer
  4183 | Sewer    | Reached skill level 5 in Axes
  4205 | Sewer    | Found a white marble altar of Elyvilon.
  4280 | D:6      | Bought a jewelled chain mail for 294 gold pieces
  4280 | D:6      | Identified the +0 chain mail of Hedging {Dex+3} (You bought
                  | it in a shop on level 6 of the Dungeon)
  4513 | D:6      | Reached XP level 8. HP: 80/80 MP: 7/7
  4515 | D:6      | Reached skill level 6 in Axes
  4680 | D:6      | Found a staircase to the Ecumenical Temple.
  4685 | Temple   | Entered the Ecumenical Temple
  4875 | D:5      | Reached skill level 7 in Axes
  5242 | D:5      | Reached skill level 8 in Axes
  5711 | D:6      | Bought a pair of fading boots for 294 gold pieces
  5711 | D:6      | Identified the +2 pair of boots "Legocai" {Harm rC+++
                  | Str-2} (You bought it in a shop on level 6 of the Dungeon)
  5761 | D:7      | Reached * piety under the Shining One
  5770 | D:7      | Reached skill level 9 in Axes
  5805 | D:7      | Found a flagged portal.
  5807 | D:7      | Noticed Prince Ribbit
  5824 | D:7      | Killed Prince Ribbit
  5825 | D:7      | Reached skill level 10 in Axes
  5846 | Bailey   | Entered a bailey
  5856 | Bailey   | Reached XP level 9. HP: 52/86 MP: 8/8
  6454 | Bailey   | Reached skill level 11 in Axes
  6766 | Bailey   | Reached skill level 1 in Dodging
  6784 | Bailey   | HP: 3/86 [gnoll/+0 halberd (5)]
  6785 | Bailey   | Slain by a gnoll sergeant

Illustrated notes

Levels and vault maps discovered:
D:1:      amcnicky_arrival_choice, layout_basic
D:2:      layout_basic, kennysheep_flooded_box, small_statue_intersection
D:3:      layout_loops_ring, uniq_terence
D:4:      layout_layer_cave, nicolae_overflow_hallway_of_the_gods,
          grunt_decor_fettered, nicolae_wooded_promenade,
          minmay_misc_feat_encased, guppyfry_early_lair_pool
D:5:      layout_cave_pods, roderic_serpentine_path
D:6:      layout_gridville, minmay_temple_entry_nine_rooms, serial_shops,
          nicolae_square_shop, gup_sewer_entry_bubbles, lightli_minifort,
          uniq_blork_the_orc
D:7:      layout_loops_cross, chequers_temple_overflow_statue_of_worship,
          enter_bailey_5, minmay_guarded_unrand_staff_of_olgreb,
          uniq_prince_ribbit1
Temple:   nicolae_temple_no_exploring_needed
Bailey:   bailey_polearm_gnolls_kennysheep, bailey

Skill      XL: |  1  2  3  4  5  6  7  8  9 |
---------------+----------------------------+-----
Fighting       | 4 5 6 7 8 9 10 | 10.3
Axes           | 5 10 11 | 11.2
Dodging        | 3 |  3.1
Armour         | |  3.6
Shields        | |  3.6

Action                   |  1- 3 |  4- 6 |  7- 9 || total
-------------------------+-------+-------+-------++-------
Melee: War axe           |    81 |    44 |   187 ||   312
       Headbutt          |     7 |     7 |    39 ||    53
Throw: Throwing net      |       |       |     1 ||     1
Evoke: Wand              |     1 |     7 |       ||     8
  Use: Scroll            |     7 |     3 |     5 ||    15
       Potion            |       |     2 |     7 ||     9
Armor: Scale mail        |    28 |    16 |    19 ||    63
       Chain mail        |       |       |    91 ||    91
Dodge: Dodged            |    39 |    17 |    77 ||   133
Block: Buckler           |    20 |    14 |    57 ||    91
